 Dungeon Crawl Stone Soup version 0.23.0-3-gf3c87f2 (webtiles) character file.

Game seed: 3353641419812730807

434 Lanoc the Cudgeler (level 6, -1/62 HPs)
             Began as a Troll Chaos Knight on Feb 21, 2019.
             Was a Plaything of Xom.
             Killed by divine providence
             ... invoked by an orc priest
              (12 damage)
             ... on level 4 of the Dungeon.
             The game lasted 00:05:16 (2676 turns).

Lanoc the Cudgeler (Troll Chaos Knight)             Turns: 2676, Time: 00:05:16

Health: -1/62      AC:  8    Str: 25    XL:     6   Next: 67%
Magic:  5/5        EV: 10    Int:  8    God:    Xom [.*....]
Gold:   239        SH:  0    Dex:  9    Spells: 5/5 levels left

rFire    . . .     SeeInvis .   a - +0 mace (chaos)
rCold    . . .     Gourm    +   (no shield)
rNeg     . . .     Faith    .   b - +2 robe
rPois    .         Spirit   .   (helmet restricted)
rElec    .         Reflect  .   (no cloak)
rCorr    +         Harm     .   (gloves unavailable)
MR       .....                  (boots unavailable)
Stlth    +.........             k - amulet of regeneration
HPRegen  1.00/turn              q - +2 ring of strength
MPRegen  0.09/turn              w - ring of resist corrosion

@: lethally poisoned (-1 -> -5)
A: large, unfitting armour, claws 3, fast metabolism 3, gourmand, regeneration
1, shaggy fur 1, tough skin 3
a: Renounce Religion


You were on level 4 of the Dungeon.
You worshipped Xom.
You were a plaything of Xom.
You were completely stuffed.

You visited 1 branch of the dungeon, and saw 4 of its levels.

You collected 239 gold pieces.

Inventory:

Hand Weapons
 a - a +0 mace of chaos (weapon)
Missiles
 r - 4 large rocks (quivered)
Armour
 b - a +2 robe (worn)
Jewellery
 g - a +3 amulet of reflection {unknown}
 k - an amulet of regeneration (around neck)
 l - an uncursed amulet of faith {unknown}
 q - a +2 ring of strength (left claw)
 w - a ring of resist corrosion (right claw)
Wands
 t - a wand of polymorph (6)
Scrolls
 d - 8 scrolls of identify {unknown}
 e - a scroll of fear {unknown}
 f - a scroll of blinking {unknown}
 h - a scroll of immolation {unknown}
 j - a scroll of amnesia {unknown}
 m - a scroll of enchant weapon {unknown}
 n - 2 scrolls of remove curse {unknown}
 p - a scroll of random uselessness {unknown}
 s - a scroll of noise {unknown}
Potions
 i - a potion of degeneration {unknown}
 o - a potion of lignification {unknown}
 u - a potion of haste {unknown}
 v - a potion of heal wounds {unknown}
Comestibles
 c - 9 rations
 x - 2 chunks of flesh


   Skills:
 + Level 3.8 Fighting
 * Level 5.2 Maces & Flails
 + Level 3.3 Dodging


You had 5 spell levels left.
You didn't know any spells.
Your spell library was empty.

Dungeon Overview and Level Annotations

Branches:
Dungeon (4/15)
 Temple: D:4-7

Altars:


Innate Abilities, Weirdness & Mutations

You are too large for most types of armour.
You have claws for hands.
Your metabolism is lightning-fast.
You like to eat raw meat.
Your natural rate of healing is unusually fast.
You are covered in fur. (AC +1)
You have extremely tough skin. (AC +3)


Message History

You feel very sick.
Xom's power almost touches on you for a moment.
Your red potion falls out of your pack, then immediately jumps back in!
You are now a plaything of Xom.
The orc hits you but does no damage. x2
You sock the orc!
You kill the orc!
You feel sick.
You barely miss the orc.
You feel very sick. Xom notices you.
You hear a crackling sound.
The orc hits you with a +0 club.
* * * LOW HITPOINT WARNING * * *
You barely miss the orc.
You feel very sick. The orc barely misses you.
The orc priest calls down the wrath of Beogh upon you.
Beogh smites you!
You die...

#...........#
##.##.#####.##############
## #.##.##
#............... .#
#.#...################.##
.# #.......... #.# .#
#.....#### #.# .#
#..#.##### #.# .#
#..#..)..# #.# .#
#..#####@# #.# .# #..# #o#
#.# .# ...# #)o.# #.# .#
.##.# #.###.# #.# .# . #.
... ... #.# .# ### ###
#.## .# #..# .# ##.# .#
#.#


You could see an orc priest and an orc.

Vanquished Creatures
  An ogre (D:4)
  A scorpion (D:4)
  2 hounds
  Terence (D:3)
  An iguana (D:4)
  An orc wizard (D:4)
  A worker ant (D:4)
  5 adders
  6 worms
  2 dart slugs
  2 leopard geckos
  7 orcs
  6 giant cockroaches
  6 goblins
  4 hobgoblins
  4 jackals (D:3)
  2 quokkas
  2 ball pythons
  10 bats
  5 frilled lizards
  4 kobolds
  5 rats
78 creatures vanquished.

Notes
Turn   | Place    | Note
-------+----------+-------------------------------------------
     0 | D:1      | Lanoc the Troll Chaos Knight began the quest for the Orb.
     0 | D:1      | Reached XP level 1. HP: 22/22 MP: 0/0
   101 | D:1      | XOM: harmless Hex miscast
   147 | D:1      | Reached skill level 3 in Maces & Flails
   154 | D:1      | XOM: silly message
   178 | D:1      | Reached XP level 2. HP: 29/29 MP: 1/1
   387 | D:1      | XOM: mild Pois miscast
   682 | D:2      | Reached XP level 3. HP: 33/36 MP: 2/2
   858 | D:2      | Reached XP level 4. HP: 44/44 MP: 3/3
  1057 | D:2      | XOM: divination: detect items
  1079 | D:2      | XOM: harmless Conj miscast
  1416 | D:3      | XOM: harmless Erth miscast
  1453 | D:3      | XOM: noise
  1466 | D:3      | Noticed Terence
  1483 | D:3      | Killed Terence
  1483 | D:3      | Reached skill level 4 in Maces & Flails
  1751 | D:3      | Reached XP level 5. HP: 53/53 MP: 4/4
  2024 | D:3      | XOM: cloud trail
  2105 | D:4      | Noticed an ogre
  2108 | D:4      | XOM: butterfly on damage
  2129 | D:4      | XOM: cast spell 'Olgreb's Toxic Radiance'
  2134 | D:4      | XOM: harmless Fire miscast
  2149 | D:4      | Killed an ogre
  2163 | D:4      | XOM: confuse monster(s)
  2167 | D:4      | XOM: harmless Tloc miscast
  2214 | D:4      | Reached XP level 6. HP: 59/61 MP: 5/5
  2561 | D:4      | Reached skill level 5 in Maces & Flails
  2673 | D:4      | XOM: silly message
  2675 | D:4      | XOM: harmless Ice miscast
  2676 | D:4      | Killed from afar by an orc priest

Skill      XL: |  1  2  3  4  5  6 |
---------------+-------------------+-----
Dodging        | 2 3 |  3.3
Maces & Flails | 3 4 5 |  5.2
Fighting       | 3 |  3.8

Action                   |  1- 3 |  4- 6 || total
-------------------------+-------+-------++-------
Melee: Mace              |    90 |   211 ||   301
 Stab: Sleeping          |     1 |     2 ||     3
  Eat: Chunk             |    13 |    18 ||    31
Armor: Robe              |    54 |   100 ||   154
Dodge: Dodged            |    66 |   130 ||   196
